AoeStats
← Pillage The Village

Arabia

510601569Analyzed
3v3 RM · 19h ago on Oct 1, 2026· 23m 46s· 6 players
Game mode
Random Map
Map size
Normal (6 player)
Population
200
Speed
Normal
Resources
Standard
Victory
Conquest
Starting age
Dark Age
Ending age
Imperial Age
RankedLock teamsTeams togetherTeam positionsShared explorationLock speedFull tech treeHidden civsTurbo modeCheats
Victory
Defeat
🇧🇪 Khmer · Belgium
1253
+8
🇧🇪 Mongols · Belgium
1077
+14
🇧🇪 Franks · Belgium
1006
+16
🇲🇽 Bulgarians · Mexico
1062
-14
🇩🇪 Franks · Germany
1028
-12
🇩🇪 Britons · Germany
1018
-26
BumBachi
10:23 Feudal Age
11:16 Double-Bit Axe
11:30 Loom
12:16 Horse Collar
18:23 Castle Age
17:03 Fletching
17:14 Padded Archer Armor
17:07 Gold Mining
19:30 Crossbowman
20:50 Heavy Plow
21:04 Man-at-Arms
alexisxsegura
6:39 Loom
9:26 Feudal Age
10:55 Double-Bit Axe
19:06 Wheelbarrow
20:47 Scale Barding Armor
21:21 Forging
24:07 Castle Age
23:16 Bloodlines
Entropy_Madness
11:02 Feudal Age
13:18 Wheelbarrow
16:50 Double-Bit Axe
20:10 Castle Age
18:18 Scale Barding Armor
22:15 Hand Cart
COMMANDER SANDER
11:44 Feudal Age
10:21 Loom
13:58 Double-Bit Axe
19:34 Castle Age
19:04 Scale Barding Armor
20:23 Padded Archer Armor
21:13 Husbandry
20:37 Elite Skirmisher
22:41 Bloodlines
21:52 Light Cavalry
Pillage The Village
3:54 Loom
11:12 Feudal Age
14:47 Castle Age
13:11 Double-Bit Axe
15:52 Fletching
20:04 Ballistics
Pontifex Fakkulus
16:15 Feudal Age
17:03 Double-Bit Axe
Connection lost

Rejoining the realm…

Still unreachable

The connection could not be restored.

Session expired

The server has moved on; the page needs a fresh start.